 Dungeon Crawl Stone Soup version 0.28-a0-1406-ga8dd43b1d0 (webtiles) character file.

Game seed: 15054781040633158804

17 IndexError the Caller (level 2, -2/20 HPs)
             Began as a Gnoll Summoner on Jan 6, 2022.
             Slain by a gnoll (4 damage)
             ... on level 2 of the Dungeon.
             The game lasted 00:01:43 (639 turns).

IndexError the Caller (Gnoll Summoner)               Turns: 639, Time: 00:01:44

Health: -2/20      AC:  2    Str:  7    XL:     2   Next: 62%
Magic:  5/7        EV: 13    Int: 14    God:
Gold:   0          SH:  0    Dex: 12    Spells: 9/10 levels left

rFire   + . .      SeeInvis .   e - +0 dagger
rCold   . . .      Faith    .   (no shield)
rNeg    . . .      Spirit   .   a - +0 robe
rPois   .          Reflect  .   (no helmet)
rElec   .          Harm     .   (no cloak)
rCorr   .          Rampage  .   (no gloves)
Will    .....                   (no boots)
Stlth   ++........              (no amulet)
HPRegen 0.06/turn               c - ring of protection from fire {rF+, !d}
MPRegen 0.10/turn               (no ring)

@: no status effects
A: fangs 1, strong nose, distributed training
a: no special abilities


You were on level 2 of the Dungeon.
You visited 1 branch of the dungeon, and saw 2 of its levels.

Inventory:

Hand Weapons
 e - a +0 dagger (weapon)
   (You took it off a kobold on level 2 of the Dungeon)
Armour
 a - a +0 robe (worn)
Jewellery
 c - a ring of protection from fire (left hand) {rF+, !d}
   (You found it on level 1 of the Dungeon)
Scrolls
 b - a scroll of fear {unknown}
 d - a scroll of enchant weapon {unknown}


   Skills:
 + Level 0.5 Fighting
 + Level 0.5 Short Blades
 + Level 0.5 Long Blades
 + Level 0.5 Axes
 + Level 0.5 Maces & Flails
 + Level 0.5 Polearms
 + Level 0.5 Staves
 + Level 0.5 Slings
 + Level 0.5 Bows
 + Level 0.5 Crossbows
 + Level 0.5 Throwing
 + Level 0.5 Armour
 + Level 4.5 Dodging
 + Level 4.1 Stealth
 + Level 0.5 Shields
 + Level 0.5 Unarmed Combat
 + Level 4.9 Spellcasting
 + Level 0.3 Conjurations
 + Level 0.3 Hexes
 + Level 7.0 Summonings
 + Level 0.3 Necromancy
 + Level 0.3 Translocations
 + Level 0.3 Transmutations
 + Level 0.3 Fire Magic
 + Level 0.3 Ice Magic
 + Level 0.3 Air Magic
 + Level 0.3 Earth Magic
 + Level 0.3 Poison Magic
 + Level 0.6 Invocations
 + Level 0.5 Evocations


You had 9 spell levels left.
You knew the following spells:

 Your Spells              Type           Power      Damage    Failure   Level
a - Summon Small Mammal   Summ           92%        N/A       1%          1

Your spell library contained the following spells:

 Spells                   Type           Power      Damage    Failure   Level
 Call Imp                 Summ           23%        N/A       1%          2
 Call Canine Familiar     Summ           23%        N/A       3%          3
 Summon Guardian Golem    Hex/Summ       13%        N/A       12%         3
 Summon Lightning Spire   Summ/Air       13%        N/A       36%         4


Dungeon Overview and Level Annotations

Branches:
Dungeon (1/15)

Altars:


Innate Abilities, Weirdness & Mutations

You have very sharp teeth.
Your uncanny sense of smell can sniff out nearby items.
Your experience applies equally to all skills.


Message History

You now have 4/7 mp.
The gnoll closely misses your quokka.
Your quokka completely misses the gnoll.
Your quokka bites the gnoll.
The gnoll closely misses your quokka.
Your quokka bites the gnoll.
The gnoll closely misses your quokka.
Your quokka closely misses the gnoll.
The gnoll misses your quokka. The gnoll barely misses your quokka.
There is a stone staircase leading down here.
A rat comes into view.
Your quokka bites the gnoll.
The gnoll hits your quokka with a +0 spear!
Your quokka's corpse disappears in a puff of smoke!
The gnoll shouts!
Your quokka disappears in a puff of smoke!
Casting: Summon Small Mammal (safe; 1% risk of failure)
Confirm with . or Enter, or press ? or * to list all spells.
Casting: Summon Small Mammal (safe; 1% risk of failure)
Confirm with . or Enter, or press ? or * to list all spells.
The gnoll barely misses you.
You now have 4/7 mp.
You swap places.
The gnoll hits your rat with a +0 spear.
Your rat's corpse disappears in a puff of smoke!
The gnoll hits your quokka with a +0 spear.
Your quokka barely misses the gnoll.
An endoplasm comes into view.
Your quokka closely misses the gnoll.
The gnoll barely misses your quokka.
Your quokka bites the gnoll.
The gnoll closely misses your quokka.
Your quokka barely misses the gnoll.
You see here a +0 chain mail.
The gnoll closely misses your quokka.
Your quokka bites the gnoll.
Something unseen opens the door.
Casting: Summon Small Mammal (safe; 1% risk of failure)
Confirm with . or Enter, or press ? or * to list all spells.
The gnoll closely misses your quokka.
Your quokka bites the gnoll.
You now have 4/7 mp.
What are your orders? t - Bark!
Orders for allies: a - Attack new target. p - Attack previous target. r - Retreat! s - Stop attacking. g - Guard the area. f - Follow me.
Anything else - Cancel.
Gang up on whom?
Press: ? - help, Dir - move target, f/p - gnoll
Aim: a gnoll, wielding a +0 spear (almost dead, ally target) Attack!
Your quokka barely misses the gnoll.
The gnoll hits your quokka with a +0 spear.
Your quokka's corpse disappears in a puff of smoke!
The gnoll drinks a potion.
The gnoll is healed!
The gnoll completely misses you.
Your quokka bites the gnoll.
The gnoll closely misses your quokka.
Your quokka bites the gnoll.
The gnoll hits your quokka but does no damage.
Your quokka bites the gnoll.
Something unseen breaks down the door.
The gnoll hits your quokka with a +0 spear.
Your quokka barely misses the gnoll.
Your quokka misses the gnoll. The gnoll barely misses your quokka.
Something unseen opens the door.
The gnoll hits you from afar with a +0 spear.
You take 6 damage, and have 8/20 hp.
MASSIVE DAMAGE!!
Your quokka closely misses the frilled lizard.
Casting: Summon Small Mammal (safe; 1% risk of failure)
Confirm with . or Enter, or press ? or * to list all spells.
The gnoll closely misses you.
Your quokka completely misses the frilled lizard.
You now have 5/7 mp.
Casting: Summon Small Mammal (safe; 1% risk of failure)
Confirm with . or Enter, or press ? or * to list all spells.
You now have 5/7 mp.
You swap places.
The frilled lizard bites your bat.
Your bat closely misses the frilled lizard.
Your quokka bites the frilled lizard.
Something hits your quokka!
Your quokka's corpse disappears in a puff of smoke!
Casting: Summon Small Mammal (safe; 1% risk of failure)
Confirm with . or Enter, or press ? or * to list all spells.
You now have 4/7 mp.
You swap places.
Your bat closely misses the gnoll.
You see here an adder skeleton.
The gnoll barely misses your bat.
Your bat closely misses the gnoll.
Your bat hits the gnoll but does no damage.
Your bat barely misses the gnoll.
The gnoll closely misses your bat.
Your bat hits the gnoll but does no damage.
The gnoll hits your bat with a +0 spear!
Your bat's corpse disappears in a puff of smoke!
The gnoll hits your quokka with a +0 spear.
Your quokka's corpse disappears in a puff of smoke!
Casting: Summon Small Mammal (safe; 1% risk of failure)
Confirm with . or Enter, or press ? or * to list all spells.
You now have 4/7 mp.
The gnoll hits you from afar with a +0 spear!
* * * LOW HITPOINT WARNING * * *
Things that are here:
5 stones; a ball python skeleton You take 7 damage, and have 2/20 hp.
MASSIVE DAMAGE!!
You swap places.
The gnoll hits you from afar with a +0 spear.
You die...

+.[..##.# ##..##.#
#.##.##.# #..###.# ∆
'.##.##.# #.## #.#
#g##.##.####.# #.# ∆
'g##.##.#....####.###
#g##.##...#####......
'.##.#...## #......
###.##.#.#.######...... #
#†'...@(r.ggg..........
?.#####.##.#.#.######†.....
#.......#.g#.#÷# #......
..........##.#.######......
..#......##......r...######
....##...>...........#
.....................#
..####...............# ..
##...############


You could see 4 gnolls and a friendly quokka (summoned).

Vanquished Creatures
  A hobgoblin (D:2)
  A rat (D:2)
2 creatures vanquished.

Vanquished Creatures (collateral kills)
  An adder (D:2)
  A dart slug (D:2)
  A kobold (D:2)
  A ball python (D:2)
  A frilled lizard (D:2)
  A rat (D:2)
6 creatures vanquished.

Grand Total: 8 creatures vanquished

Notes
Turn   | Place    | Note
-------+----------+-------------------------------------------
     0 | D:1      | IndexError the Gnoll Summoner began the quest for the Orb.
     0 | D:1      | Reached XP level 1. HP: 13/13 MP: 6/6
    73 | D:1      | You fall into a shaft and drop 1 floor!
   283 | D:2      | Reached XP level 2. HP: 9/20 MP: 1/7
   638 | D:2      | HP: 2/20 [gnoll (8)]
   639 | D:2      | Slain by a gnoll

Illustrated notes

Levels and vault maps discovered:
D:1:      minmay_arrival_widening_spiral_wide, layout_basic,
          basic_ecumenical_altar
D:2:      layout_rooms, minmay_rat_gold_closets

Action                   || total
-------------------------++-------
Melee: Dagger            ||    11
       Bite              ||     2
       Unarmed           ||     1
       Punch             ||     1
 Cast: Summon Small Mamm ||    26
 Stab: Sleeping          ||     1
Armor: Robe              ||     2
Dodge: Dodged            ||    11

Table legend: (Time is in decaauts)
 A = Elapsed time spent in this place.
 B = Non-inter-level travel time spent in this place.
 C = Inter-level travel time spent in this place.
 D = Time resting spent in this place.
 E = Time spent auto-exploring this place.
 F = Levels seen in this place.
 G = Mean time per level.
                   A        B        C        D        E       F      G
               +--------+--------+--------+--------+--------+-----+--------+
         Total |    637 |    637 |      0 |      0 |    442 |   2 |  318.5 |
       Dungeon |    637 |    637 |      0 |      0 |    442 |   2 |  318.5 |
               +--------+--------+--------+--------+--------+-----+--------+

Top non-repeatable levels by time:
     D:2: 564 daAuts
     D:1: 73 daAuts

Table legend:
 A = Kills in this place as a percentage of kills in entire the game.
 B = Kills by you in this place as a percentage of kills by you in the entire game.
 C = Kills by friends in this place as a percentage of kills by friends in the entire game.
 D = Other kills in this place as a percentage of other kills in the entire game.
 E = Experience gained in this place as a percentage of experience gained in the entire game.
 F = Experience gained in this place divided by the number of levels of this place that you have seen.
                   A       B       C       D       E      F
               +-------+-------+-------+-------+-------+----------------------
         Total | 100.0 | 100.0 | 100.0 |   N/A | 100.0 |  12.5
       Dungeon | 100.0 | 100.0 | 100.0 |   N/A | 100.0 |  12.5
               +-------+-------+-------+-------+-------+----------------------
